 Dungeon Crawl Stone Soup version 0.23.0-28-g6fe0f4d (webtiles) character file.

Game seed: 5990861789195063612

821 Borgoz the Ruffian (level 7, -12/59 HPs)
             Began as a Ghoul Warper on Feb 25, 2019.
             Mangled by an ogre
             ... wielding a +0 giant club
              (27 damage)
             ... on level 5 of the Dungeon.
             The game lasted 00:12:59 (4607 turns).

Borgoz the Ruffian (Ghoul Warper)                   Turns: 4607, Time: 00:13:00

Health: -12/59     AC:  6    Str: 15    XL:     7   Next: 95%
Magic:  9/9        EV: 18    Int:  8    God:
Gold:   285        SH:  0    Dex: 15    Spells: 5/10 levels left

rFire    . . .     SeeInvis .     - Unarmed
rCold    + . .     Gourm    .   (no shield)
rNeg     + + +     Faith    .   p - +0 ring mail (curse)
rPois    ∞         Spirit   .   (no helmet)
rElec    .         Reflect  .   h - +0 cloak
rCorr    .         Harm     .   (no gloves)
MR       .....                  (no boots)
Stlth    ++........             e - amulet of the acrobat
HPRegen  0.00/turn              (no ring)
MPRegen  0.11/turn              (no ring)

@: agile, about to teleport, rotting
A: rotting body, claws 1, carnivore, cold resistance 1, negative energy
resistance 3, inhibited regeneration, torment resistance, unbreathing
a: no special abilities


You were on level 5 of the Dungeon.
You were not hungry.

You visited 1 branch of the dungeon, and saw 6 of its levels.

You collected 285 gold pieces.

Inventory:

Missiles
 d - 5 tomahawks of dispersal (quivered)
 n - 5 tomahawks
Armour
 h - a +0 cloak (worn)
 p - a cursed +0 ring mail (worn)
Jewellery
 e - an amulet of the acrobat (around neck)
Wands
 l - a wand of random effects (3)
Scrolls
 c - a scroll of blinking
 g - 3 scrolls of teleportation
 j - 2 scrolls of enchant weapon {unknown}
 k - 4 scrolls of remove curse
 m - a scroll of amnesia
 o - a scroll of enchant armour
Potions
 i - a potion of curing
 q - a potion of brilliance
Comestibles
 f - 5 rations
 r - 9 chunks of flesh


   Skills:
 + Level 4.0 Fighting
 - Level 0.8 Throwing
 + Level 2.8 Armour
 * Level 4.3 Dodging
 - Level 1.1 Stealth
 * Level 5.4 Unarmed Combat
 - Level 2.0 Spellcasting
 + Level 3.9 Translocations


You had 5 spell levels left.
You knew the following spells:

 Your Spells              Type           Power        Failure   Level  Hunger
a - Blink                 Tloc           N/A          21%         2    ###....
b - Confuse               Hex            #.......     90%         3    ####...

Your spell library contained the following spells:

 Spells                   Type           Power        Failure   Level  Hunger
 Gell's Gravitas          Tloc           #.........   38%         3    ####...
 Lesser Beckoning         Tloc           #.........   38%         3    ####...
 Teleport Other           Tloc           #.......     38%         3    ####...
 Shroud of Golubria       Chrm/Tloc      #.........   43%         2    ###....
 Corona                   Hex            #......      56%         1    ##.....
 Ensorcelled Hibernation  Hex/Ice        #.....       71%         2    ###....
 Passage of Golubria      Tloc           N/A          80%         4    #####..
 Dazzling Spray           Conj/Hex       #.....       90%         3    ####...
 Tukima's Dance           Hex            #.......     90%         3    ####...


Dungeon Overview and Level Annotations

Branches:
Dungeon (6/15)
 Temple: D:4-7

Altars:
Makhleb
Okawaru
Xom
Beogh

Shops:
D:5 =[

Annotations:
D:4 3 runed translucent doors, xccam's ghost, novice OpTm


Innate Abilities, Weirdness & Mutations

Your body is rotting away.
You thrive on raw meat.
You are immune to poison.
You have sharp fingernails.
You are carnivorous and can eat meat at any time.
Your flesh is cold resistant. (rC+)
You are immune to negative energy. (rN+++)
You do not regenerate when monsters are visible.
You are immune to unholy pain and torment.
You can survive without breathing.


Message History

You feel agile all of a sudden. Something hits you.
You barely miss something. Something closely misses you.
You barely miss something.
Your ring mail prevents you from hitting something.
Something hits you!! The phantom closely misses you.
You closely miss something. Something closely misses you.
The phantom blinks!
You see here a ring mail.
Something closely misses you.
You claw something! Something hits you!
Eat one of 10 chunks of flesh? (ye/n/q)
You eat one of the 10 chunks of flesh.
This raw flesh tastes great!
Something hits you!
* * * LOW HITPOINT WARNING * * *
Something completely misses you. Something completely misses you.
As you read the scroll of teleportation, it crumbles to dust.
You feel strangely unstable. Something hits you!!
You die...

..........####..#
##........####..#
#..............#
#.##.##.#####.##
#. #.##.#####.#
#.##.......##.#
#........#.##.#
#..........##.#
#.##)###...@{.# .
#.# ########
##.## #...# ###
#...# #.. .# .
#...# ###.# #.# #
#...# #.... #.#
##.# #...# #.#.#
##.##### #.#
#...######
#.#.####.......


There were no monsters in sight!

Vanquished Creatures
  A sky beast (D:5)
  2 ice beasts (D:5)
  A howler monkey (D:5)
  A crimson imp (D:4)
  A hound (D:4)
  An orc priest (D:3)
  Jessica (D:2)
  An orc wizard (D:4)
  5 worker ants (D:4)
  2 hound skeletons
  A mummy (D:5)
  A worker ant zombie (D:4)
  7 gnolls
  A howler monkey skeleton (D:4)
  3 adders
  2 adder skeletons
  A worm (D:2)
  2 leopard geckos (D:1)
  11 orcs
  A ball python (D:3)
  5 giant cockroaches
  7 goblins
  3 hobgoblins (D:1)
  5 jackals
  4 quokkas
  11 bats
  2 jackal skeletons (D:4)
  7 kobolds
  A kobold zombie (D:5)
  2 orc zombies (D:5)
  A quokka skeleton (D:4)
  10 rats
104 creatures vanquished.

Notes
Turn   | Place    | Note
-------+----------+-------------------------------------------
     0 | D:1      | Borgoz the Ghoul Warper began the quest for the Orb.
     0 | D:1      | Reached XP level 1. HP: 17/17 MP: 2/2
    12 | D:1      | Reached skill level 1 in Armour
   241 | D:1      | Reached XP level 2. HP: 20/24 MP: 3/3
   614 | D:1      | Reached XP level 3. HP: 27/30 MP: 4/4
   632 | D:1      | Learned a level 2 spell: Blink
  1099 | D:2      | Found a faded altar of an unknown god.
  1143 | D:2      | Found an iron altar of Okawaru.
  1220 | D:2      | Reached skill level 1 in Stealth
  1266 | D:2      | Noticed Jessica
  1272 | D:2      | Killed Jessica
  1272 | D:2      | Reached skill level 3 in Unarmed Combat
  1272 | D:2      | Reached XP level 4. HP: 36/37 MP: 6/6
  1608 | D:2      | Found a shimmering altar of Xom.
  1658 | D:2      | Found a burning altar of Makhleb.
  2025 | D:3      | Reached XP level 5. HP: 40/44 MP: 7/7
  2045 | D:3      | Learned a level 3 spell: Confuse
  2468 | D:4      | Found a runed translucent gate.
  2468 | D:4      | Found a runed translucent gate.
  2468 | D:4      | Identified the cursed +0 war axe "Mepe" {chop, rPois Int+2}
  2468 | D:4      | Identified the +6 chain mail of Honour {Int+3}
  2468 | D:4      | Noticed an orc warrior
  2469 | D:4      | Found a runed translucent gate.
  2469 | D:4      | Found a roughly hewn altar of Beogh.
  2469 | D:4      | Noticed xccam's ghost (novice OpTm)
  2689 | D:4      | Reached skill level 4 in Unarmed Combat
  2689 | D:4      | Reached XP level 6. HP: 42/51 MP: 8/8
  3758 | D:5      | Entered Level 5 of the Dungeon
  3812 | D:5      | Noticed an ice beast
  3822 | D:5      | Killed an ice beast
  3822 | D:5      | Reached XP level 7. HP: 40/55 MP: 9/9
  3939 | D:5      | Reached skill level 5 in Unarmed Combat
  4548 | D:5      | Found Amunuleufu's Antique Armour Shoppe.
  4550 | D:5      | Found Wisecs's Jewellery Emporium.
  4607 | D:5      | Mangled by an ogre

Skill      XL: |  1  2  3  4  5  6  7 |
---------------+----------------------+-----
Armour         | 1 2 |  2.8
Dodging        | 2 3 4 |  4.3
Spellcasting   | 2 |  2.0
Stealth        | 1 |  1.1
Unarmed Combat | 3 4 5 |  5.4
Translocations | 3 |  3.9
Fighting       | 3 4 |  4.0
Throwing       | |  0.8

Action                   |  1- 3 |  4- 6 |  7- 9 || total
-------------------------+-------+-------+-------++-------
Melee: Unarmed           |   148 |   301 |   113 ||   562
       Punch             |       |     7 |     4 ||    11
Evoke: Wand              |       |     4 |     4 ||     8
  Use: Potion            |       |     8 |     2 ||    10
       Scroll            |       |     7 |     2 ||     9
 Stab: Sleeping          |     2 |       |       ||     2
  Eat: Chunk             |     8 |    31 |     7 ||    46
Armor: Leather armour    |    45 |    36 |       ||    81
       Ring mail         |       |    68 |    21 ||    89
Dodge: Dodged            |   103 |   255 |    50 ||   408
